 Dungeon Crawl Stone Soup version 0.17.1-3-g152610e (webtiles) character file.

5351 jkyoghurt the Nimble (level 10, -4/68 HPs)
             Began as an Octopode Assassin on Mar 30, 2016.
             Slain by a warg (10 damage)
             ... on level 9 of the Dungeon.
             The game lasted 00:46:41 (12109 turns).

jkyoghurt the Nimble (Octopode Assassin)           Turns: 12109, Time: 00:46:41

Health: -4/68      AC:  3    Str: 11    XL:     10   Next: 65%
Magic:  28/28      EV: 20    Int: 14    God:
Gold:   584        SH:  0    Dex: 16    Spells: 1 memorised, 8 levels left

rFire  . . .     SeeInvis +     I - +5 rapier "Ox" {venom, SInv}
rCold  + . .     Clarity  +     (no shield)
rNeg   . . .     SustAt   .     A - +2 hat
rPois  .         Gourm    .     Z - amulet of clarity
rElec  .         Spirit   .     C - ring of magical power
rCorr  .         Warding  .     K - ring of protection from cold
rMut   .         Stasis   .     W - ring of magical power
MR     .....                    (no ring)
Stlth  ++++++....               (no ring)
                                (no ring)
                                (no ring)
                                (no ring)

@: not resistant to hostile enchantments, very stealthy
A: almost no armour, amphibious, 8 rings, constrict 8, camouflage 1, gelatinous
body 1
a: no special abilities


You were on level 9 of the Dungeon.
You were not hungry.

You visited 2 branches of the dungeon, and saw 11 of its levels.
You also visited: Sewer.

You collected 584 gold pieces.

Inventory:

Hand Weapons
 b - a +0 blowgun
 t - a +1 short sword of protection
 w - a +2 dagger of protection
 G - a +0 dagger of holy wrath
 I - the +5 rapier "Ox" (weapon) {venom, SInv}
   (You found it on level 7 of the Dungeon)

   It poisons the flesh of those it strikes.
   It lets you see invisible.
 M - a +0 shortbow
 P - a +2 rapier of flaming
Missiles
 c - 28 poisoned needles
 d - 2 curare-tipped needles
 L - 8 needles of slowing
 N - 68 arrows
Armour
 A - a +2 hat (worn)
Jewellery
 B - an uncursed amulet of the gourmand
 C - a ring of magical power (left tentacle)
 K - a ring of protection from cold (right tentacle)
 W - a ring of magical power (on tentacle)
 Z - an amulet of clarity (around mantle)
Wands
 v - a wand of flame (22)
 U - a wand of polymorph (19)
Scrolls
 a - a scroll of random uselessness {unknown}
 i - 7 scrolls of remove curse
 m - 3 scrolls of teleportation {unknown}
 q - 2 scrolls of enchant weapon {unknown}
 r - 3 scrolls of enchant armour {unknown}
 s - a scroll of recharging {unknown}
 y - 2 scrolls of fog {unknown}
 H - 5 scrolls of identify {unknown}
 Q - 3 scrolls of fear {unknown}
 R - a scroll of blinking {unknown}
 X - a scroll of noise {unknown}
 Y - a scroll of vulnerability {unknown}
Potions
 f - a potion of might {unknown}
 g - a potion of brilliance {unknown}
 k - a potion of haste
 l - a potion of heal wounds {unknown}
 n - 3 potions of lignification {unknown}
 o - 4 potions of curing {unknown}
 p - a potion of flight {unknown}
 u - 4 potions of poison {unknown}
 x - a potion of agility {unknown}
 D - a potion of beneficial mutation {unknown}
 F - a potion of berserk rage {unknown}
 O - a potion of magic {unknown}
Books
 E - a book of the Sky

   Spells                             Type                      Level
   a - Summon Lightning Spire         Summoning/Air                4
   b - Airstrike                      Air                          4
   c - Silence                        Hexes/Air                    5
   d - Deflect Missiles               Charms/Air                   6
   e - Conjure Ball Lightning         Conjuration/Air              6
   f - Tornado                        Air                          9
 J - Sif Muna's Grimoire of Battle Magic
   (You found it on level 5 of the Dungeon)

   Spells                             Type                      Level
   a - Sting                          Conjuration/Poison           1
 S - a book of Party Tricks

   Spells                             Type                      Level
   a - Summon Butterflies             Summoning                    1
   b - Apportation                    Translocation                1
   c - Tukima's Dance                 Hexes                        3
   d - Alistair's Intoxication        Transmutation/Poison         4
   e - Invisibility                   Hexes                        6
 V - a book of Fire

   Spells                             Type                      Level
   a - Ignite Poison                  Fire/Transmutation/Poison    3
   b - Fireball                       Conjuration/Fire             5
   c - Bolt of Fire                   Conjuration/Fire             6
   d - Delayed Fireball               Conjuration/Fire             7
   e - Ring of Flames                 Charms/Fire                  7
Comestibles
 e - 3 bread rations
 h - a slice of pizza
 j - 3 meat rations
 z - 2 beef jerkies
 T - a royal jelly


   Skills:
 + Level 6.2 Fighting
 + Level 6.2 Short Blades
 - Level 2.0 Throwing
 * Level 11.7 Dodging
 + Level 9.2 Stealth


You had 8 spell levels left.
You knew the following spells:

 Your Spells              Type           Power        Failure   Level  Hunger
a - Sting                 Conj/Pois      #...         30%         1    ##.....


Dungeon Overview and Level Annotations

Branches:
Dungeon (10/15)            Temple (1/1) D:5            Lair (0/8) D:10
    Orc: D:9-12

Altars:
Ashenzari
Cheibriados
Dithmenos
Elyvilon
Fedhas
Gozag
Kikubaaqudgha
Makhleb
Nemelex Xobeh
Okawaru
Qazlal
Ru
Sif Muna
Trog
Vehumet
Xom
Yredelemnul
Zin
The Shining One

Shops:
D:6 }   D:9 }


Innate Abilities, Weirdness & Mutations

You cannot wear most types of armour.
You are amphibious.
You can wear up to eight rings at the same time.
You can use your tentacles to constrict eight enemies at once.
Your skin changes colour to match your surroundings (Stealth).
Your rubbery body absorbs attacks (AC +1).


Message History

The warg barely misses you. The warg bites you.
* * * LOW HITPOINT WARNING * * *
The warg bites you but does no damage. The warg barely misses you.
The orc priest miscasts a cantrip.
The warg completely misses you.
There is an open door here.
The warg bites you!
* * * LOW HITPOINT WARNING * * *
There is a stone staircase leading up here.
The warg completely misses you. The warg bites you.
* * * LOW HITPOINT WARNING * * *
You climb upwards.
There is a stone staircase leading down here.
You are too injured to fight recklessly!
You hit the warg.
The warg is poisoned.
The warg is lightly wounded.
The warg bites you!
You die...

.........#......# #.............
.##.....###.....# #......#.#.#.#
......#.# ##.>..####....###.#.#.#
.##.).#.# #............# #.....#
####..#.####............# #.#..##
#......##.##..##...[.###.#..##
#.........###........##.......
#........######....####.#....#
##........##.@.......#..#.##..
#...........h§§.§.#....#.##.#
#............§§§§...##....#.#
#...#........§§§....#..##....
#............§§§§............
##.#.∩.#......§..§...#######..
#....................# ##.
#.#..#...............##### ##
####.##...........(.........#####


You could see a warg.

Vanquished Creatures
  A troll (D:9)
  Grinder (D:3)
  Sigmund (D:3)
  2 hippogriffs
  Menkaure (D:6)
  A water moccasin (D:8)
  A sky beast (D:7)
  4 necrophages
  An orc warrior (D:9)
  3 ogres
  A phantom (D:9)
  4 ice beasts
  4 centaurs
  A crocodile (Sewer)
  A big kobold (D:7)
  6 giant frogs
  A water moccasin zombie (D:9)
  2 scorpions
  9 killer bees
  6 wights
  2 crimson imps (D:9)
  A centaur zombie (D:9)
  5 giant frog zombies
  2 orc priests
  3 jellies
  A centaur skeleton (D:4)
  3 hounds
  Crazy Yiuf (D:2)
  A wasp zombie (D:10)
  Ijyb (D:2)
  5 worker ants
  8 orc wizards
  Natasha (thrice) (D:2)
  2 killer bee zombies (D:9)
  A hound zombie (D:5)
  A worker ant zombie (D:9)
  Robin (D:3)
  14 adders
  3 gnolls (D:6)
  3 oozes
  An adder skeleton (D:4)
  4 adder zombies
  4 worms
  22 orcs
  3 ball pythons
  13 goblins
  10 hobgoblins
  8 jackals
  10 kobolds
  7 quokkas
  9 bats
  12 giant cockroaches
  4 giant geckos
  5 giant newts
  A quokka zombie (D:5)
  10 rats
235 creatures vanquished.

Notes
Turn   | Place    | Note
--------------------------------------------------------------
     0 | D:1      | jkyoghurt the Octopode Assassin began the quest for the Orb.
     0 | D:1      | Reached XP level 1. HP: 14/14 MP: 1/1
   231 | D:1      | Reached XP level 2. HP: 14/19 MP: 2/2
   645 | D:1      | Reached skill level 6 in Stealth
  1294 | D:1      | Reached XP level 3. HP: 24/24 MP: 3/3
  1628 | D:2      | Noticed Crazy Yiuf
  1649 | D:2      | Noticed Ijyb
  1667 | D:2      | Killed Ijyb
  1667 | D:2      | Reached XP level 4. HP: 9/29 MP: 4/4
  2346 | D:2      | Reached skill level 7 in Stealth
  2368 | D:2      | Found a burning altar of Makhleb.
  2377 | D:2      | Reached XP level 5. HP: 22/34 MP: 5/5
  2739 | D:2      | Noticed Natasha
  2755 | D:2      | Killed Natasha
  2888 | D:3      | Noticed Grinder
  2898 | D:3      | Killed Grinder
  2898 | D:3      | Reached skill level 5 in Dodging
  2898 | D:3      | Reached XP level 6. HP: 27/39 MP: 6/6
  3156 | D:3      | Noticed Sigmund
  3410 | D:3      | Noticed Robin
  3485 | D:2      | Noticed Natasha
  3496 | D:2      | Killed Natasha
  3749 | D:2      | Killed Crazy Yiuf
  3749 | D:2      | Reached XP level 7. HP: 12/45 MP: 7/7
  4127 | D:2      | Noticed Natasha
  4133 | D:2      | Killed Natasha
  4297 | D:3      | Killed Sigmund
  4370 | D:3      | Killed Robin
  4955 | D:4      | Reached skill level 8 in Dodging
  4955 | D:4      | Reached XP level 8. HP: 48/50 MP: 8/8
  5281 | D:4      | Found a shattered altar of Ashenzari.
  5514 | D:5      | Entered Level 5 of the Dungeon
  5701 | D:5      | Found a staircase to the Ecumenical Temple.
  5732 | D:5      | Found a glowing drain.
  5759 | Sewer    | Entered a sewer
  6088 | D:5      | Found a shattered altar of Ashenzari.
  6242 | D:5      | Reached skill level 9 in Dodging
  6619 | D:5      | Found a deep blue altar of Sif Muna.
  6677 | D:5      | Identified Sif Muna's Grimoire of Battle Magic
  6764 | Temple   | Entered the Ecumenical Temple
  7389 | D:6      | Noticed Menkaure
  7418 | D:6      | Killed Menkaure
  7418 | D:6      | Reached XP level 9. HP: 55/58 MP: 9/9
  8079 | D:6      | Found Xocoim's Gadget Emporium.
  8163 | D:6      | Reached skill level 10 in Dodging
  9207 | D:7      | Got a crystal rapier
  9208 | D:7      | Identified the +5 rapier "Ox" {venom, SInv} (You found it on level 7 of the Dungeon)
  9354 | D:8      | Reached skill level 5 in Fighting
  9377 | D:8      | Reached skill level 5 in Short Blades
  9390 | D:8      | HP: 3/61 [poisoned by a killer bee]
  9395 | D:8      | HP: 2/61 [poisoned by a killer bee]
  9402 | D:8      | HP: 2/61 [poisoned by a killer bee]
  9407 | D:8      | HP: 1/61 [poisoned by a killer bee]
  9413 | D:8      | HP: 1/61 [poisoned by a killer bee]
  9868 | D:8      | Found a shimmering altar of Xom.
  9868 | D:8      | Found an ancient bone altar of Kikubaaqudgha.
  9868 | D:8      | Found a white marble altar of Elyvilon.
  9875 | D:8      | Reached skill level 11 in Dodging
  9889 | D:9      | Reached XP level 10. HP: 66/66 MP: 10/10
 10675 | D:9      | Found Morerr's Gadget Shoppe.
 10992 | D:9      | Learned a level 1 spell: Sting
 11718 | D:10     | Entered Level 10 of the Dungeon
 12035 | D:10     | Found a staircase to the Lair.
 12109 | D:9      | Slain by a warg

Action                   |  1- 3 |  4- 6 |  7- 9 | 10-12 || total
-------------------------+-------+-------+-------+-------++-------
Melee: Dagger            |    52 |    20 |       |       ||    72
       Short sword       |       |    71 |   348 |       ||   419
       Rapier            |       |       |    40 |   166 ||   206
 Fire: Shortbow          |       |       |     4 |       ||     4
  Use: Scroll            |       |       |     1 |       ||     1
       Potion            |       |       |     1 |       ||     1
 Stab: Sleeping          |     9 |    21 |    27 |     8 ||    65
       Distracted        |       |     1 |     2 |       ||     3
  Eat: Chunk             |     2 |     7 |    24 |     7 ||    40
